 Dungeon Crawl Stone Soup version 0.28-a0-1227-ga9037bb4c8 (webtiles) character file.

Game seed: 7385618314073366716

441 ChaosChampion the Insei (level 7, 0/46 HPs)
             Began as an Octopode Transmuter on Dec 22, 2021.
             Was an Initiate of Ru.
             Slain by a black bear (4 damage)
             ... on level 5 of the Dungeon.
             The game lasted 00:05:26 (5110 turns).

ChaosChampion the Insei (Octopode Transmuter)       Turns: 5110, Time: 00:05:27

Health: 0/46       AC:  2    Str:  9    XL:     7   Next: 2%
Magic:  5/10       EV: 21    Int: 17    God:    Ru [......]
Gold:   36         SH:  0    Dex: 18    Spells: 4/10 levels left

rFire   . . .      SeeInvis .     - Unarmed
rCold   . . .      Faith    .   (shield currently unavailable)
rNeg    . . .      Spirit   .   (helmet currently unavailable)
rPois   x          Reflect  .   (no amulet)
rElec   .          Harm     .   (no ring)
rCorr   .          Rampage  .   (no ring)
Will    .....                   (no ring)
Stlth   ++........              (no ring)
HPRegen 0.15/turn               (no ring)
MPRegen 0.12/turn               (no ring)
                                (no ring)
                                (no ring)

@: spider-form (expiring)
A: venomous fangs, almost no armour, (amphibious), 8 rings, tiny, (camouflage
1), (gelatinous body 1), (nimble swimmer 1), (tentacles)
a: End Transformation, Renounce Religion


You were on level 5 of the Dungeon.
You worshipped Ru.
Ru was noncommittal.
You were a venomous arachnid creature.
You visited 2 branches of the dungeon, and saw 6 of its levels.

You collected 140 gold pieces.
You spent 104 gold pieces at shops.

Inventory:

Missiles
 i - 10 boomerangs (quivered)
Jewellery
 n - a ring of ice
Scrolls
 b - a scroll of brand weapon {unknown}
 d - a scroll of identify {unknown}
 f - a scroll of fear {unknown}
 g - a scroll of blinking {unknown}
 h - a scroll of fog {unknown}
 l - a scroll of enchant armour {unknown}
Potions
 a - 3 potions of curing
 c - a potion of heal wounds {unknown}
 e - a potion of attraction {unknown}
 j - a potion of degeneration {unknown}
 k - a potion of haste {unknown}
 m - a potion of mutation {unknown}
 o - a potion of resistance {unknown}


   Skills:
 + Level 3.4 Fighting
 + Level 3.9 Dodging
 * Level 5.8 Unarmed Combat
 - Level 2.0 Spellcasting
 - Level 2.0 Transmutations


You had 4 spell levels left.
You knew the following spells:

 Your Spells              Type           Power      Damage    Failure   Level
a - Beastly Appendage     Tmut           16%        N/A       22%         1
b - Wereblood             Tmut           8%         N/A       30%         2
c - Spider Form           Tmut/Pois      5%         N/A       58%         3

Your spell library contained the following spells:

 Spells                   Type           Power      Damage    Failure   Level
 Freeze                   Ice            4%         1d3       38%         1
 Ignite Poison            Fire/Tmut/Pois 3%         N/A       63%         3
 Conjure Flame            Conj/Fire      1%         6-21      71%         3
 Frozen Ramparts          Ice            2%         1d2       71%         3
 Ice Form                 Ice/Tmut       5%         N/A       90%         4
 Hailstorm                Conj/Ice       1%         3d3       96%         4
 Sticky Flame             Conj/Fire      1%         2d3       96%         4


Dungeon Overview and Level Annotations

Branches:
Dungeon (5/15)             Temple (1/1) D:5

Altars:
Hepliaklqana
Makhleb
Qazlal
Ru
Wu Jian

Shops:
D:2 (   D:4 *


Innate Abilities, Weirdness & Mutations

You are a venomous arachnid creature.
You have poisonous fangs.
You are tiny and dextrous.
Your spellcasting is less reliable in this form.
Your armour is entirely melded.
You are incapable of wielding weapons or throwing items.
You cannot wear most types of armour.
((You are amphibious.))
You can wear up to eight rings at the same time.
((Your skin changes colour to match your surroundings (Stealth+).))
((Your rubbery body absorbs attacks. (AC +1, EV +1)))
((You are camouflaged when in or above water. (Stealth+)))
((You have tentacles for arms and can constrict up to eight enemies at once.))


Message History

The hound barely misses you. The black bear closely misses you. x3
The hound closely misses you.
You hit the ogre.
The ogre is poisoned.
The ogre is lightly wounded.
The hound completely misses you. The black bear misses you.
The black bear closely misses you.
The black bear claws you but does no damage.
The ogre completely misses you.
You hit the ogre.
The ogre looks as sick as possible!
The ogre is moderately wounded.
The hound misses you. The black bear closely misses you.
The black bear claws you.
* * * LOW HITPOINT WARNING * * *
The black bear completely misses you. The hound bites you but does no damage.
You feel better. The ogre closely misses you. The hound bites you.
The black bear barely misses you. The black bear misses you.
The black bear claws you but does no damage.
You completely miss the ogre.
The ogre is severely wounded.
Your transformation is almost over.
The hound stops to sniff the ground.
The hound closely misses you. The ogre completely misses you.
The black bear bites you but does no damage.
The black bear misses you. The black bear closely misses you.
You completely miss the ogre.
The ogre is severely wounded.
The hound bites you.
* * * LOW HITPOINT WARNING * * *
The hound closely misses you. The black bear bites you.
* * * LOW HITPOINT WARNING * * *
The black bear misses you. The black bear completely misses you.
You bite the ogre!
You kill the ogre!
The hound bites you.
* * * LOW HITPOINT WARNING * * *
You have reached level 7!
The hound closely misses you. The black bear bites you.
* * * LOW HITPOINT WARNING * * *
The black bear barely misses you. The black bear claws you.
You die...

### ##.## ####### ##...#
#....h######
.....######....hs....#
##...#....#..######..#
##...#.......#,,,,*,,#
........##...#,,***,,*
...#....####.#∩,,,,,,***
.####....#*#.#,,***,,*,*
..##..##..##.#,,,,*,,,,***
.............#*****,,,,,,*
..........#...,,,,,,,,,,**


You could see a black bear and a hound.

Vanquished Creatures
  2 ogres
  A bullfrog zombie (D:5)
  2 jellies
  2 iguanas (D:5)
  4 adders
  A gnoll (D:1)
  An ufetubus (D:4)
  An adder skeleton (D:4)
  A worm (D:2)
  3 dart slugs
  2 orcs
  4 ball pythons
  8 endoplasms
  5 giant cockroaches
  7 goblins
  4 hobgoblins
  3 jackals (D:2)
  13 kobolds
  4 bats
  5 rats
73 creatures vanquished.

Notes
Turn   | Place    | Note
-------+----------+-------------------------------------------
     0 | D:1      | ChaosChampion the Octopode Transmuter began the quest for
                  | the Orb.
     0 | D:1      | Reached XP level 1. HP: 13/13 MP: 3/3
   251 | D:1      | Reached XP level 2. HP: 18/18 MP: 3/5
   480 | D:2      | Found a faded altar of an unknown god.
   910 | D:1      | Reached XP level 3. HP: 23/23 MP: 6/6
  1878 | D:2      | Reached skill level 4 in Unarmed Combat
  1958 | D:2      | Reached XP level 4. HP: 22/29 MP: 7/7
  2065 | D:2      | Found Tugex's Weapon Emporium.
  2723 | D:3      | Learned a level 2 spell: Wereblood
  2727 | D:3      | Learned a level 3 spell: Spider Form
  3319 | D:4      | Noticed an ogre
  3371 | D:4      | Reached XP level 5. HP: 28/35 MP: 4/8
  3462 | D:4      | Found Wocuhal's General Store.
  3465 | D:4      | Bought a potion of curing for 33 gold pieces
  3465 | D:4      | Bought a potion of curing for 33 gold pieces
  4019 | D:4      | Bought a scroll of magic mapping for 38 gold pieces
  4083 | D:4      | Killed an ogre
  4084 | D:4      | Reached skill level 5 in Unarmed Combat
  4084 | D:4      | Reached XP level 6. HP: 14/41 MP: 1/9
  4773 | D:5      | Entered Level 5 of the Dungeon
  4817 | D:5      | Found a staircase to the Ecumenical Temple.
  4823 | Temple   | Entered the Ecumenical Temple
  5007 | Temple   | Became a worshipper of Ru the Awakened
  5077 | D:5      | Noticed a black bear
  5110 | D:5      | Reached XP level 7. HP: 10/46 MP: 5/10
  5110 | D:5      | Slain by a black bear

Illustrated notes

Levels and vault maps discovered:
D:1:      minmay_arrival_glassed_features, layout_basic, minmay_distorted
D:2:      layout_basic, nicolae_ecumenical_pavilion, serial_shops, shop
D:3:      layout_loops_ring, minmay_misc_feat_columns
D:4:      layout_loops_ring, serial_shops, kennysheep_mini
D:5:      layout_cave_pools, temple_green, enter_ossuary_4
Temple:   nicolae_temple_god_jail

Skill      XL: |  1  2  3  4  5  6 |
---------------+-------------------+-----
Unarmed Combat | 4 5 |  5.8
Fighting       | 2 3 |  3.4
Dodging        | 3 |  3.9
Spellcasting   | |  2.0
Transmutations | |  2.0

Action                   |  1- 3 |  4- 6 |  7- 9 || total
-------------------------+-------+-------+-------++-------
Melee: Unarmed           |    70 |    91 |       ||   161
       Constrict         |    17 |    14 |       ||    31
       Kick              |     6 |       |       ||     6
       Tentacles         |    10 |    12 |       ||    22
       Punch             |     1 |     4 |       ||     5
Throw: Boomerang         |       |     6 |       ||     6
 Cast: Beastly Appendage |     9 |     3 |       ||    12
       Spider Form       |       |     8 |       ||     8
       Wereblood         |       |     1 |       ||     1
  Use: Potion            |       |     2 |       ||     2
       Scroll            |       |     1 |       ||     1
 Stab: Sleeping          |     5 |     9 |       ||    14
Armor: Skin              |     5 |    12 |       ||    17
Dodge: Dodged            |    34 |    76 |     2 ||   112

Table legend: (Time is in decaauts)
 A = Elapsed time spent in this place.
 B = Non-inter-level travel time spent in this place.
 C = Inter-level travel time spent in this place.
 D = Time resting spent in this place.
 E = Time spent auto-exploring this place.
 F = Levels seen in this place.
 G = Mean time per level.
                   A        B        C        D        E       F      G
               +--------+--------+--------+--------+--------+-----+--------+
         Total |   5101 |   4983 |    118 |    566 |   3619 |   6 |  850.2 |
       Dungeon |   4908 |   4790 |    118 |    555 |   3459 |   5 |  981.6 |
        Temple |    193 |    193 |      0 |     11 |    160 |   1 |  193.0 |
               +--------+--------+--------+--------+--------+-----+--------+

Top non-repeatable levels by time:
     D:2: 1382 daAuts
     D:4: 1237 daAuts
     D:1: 1163 daAuts
     D:3: 983 daAuts
  Temple: 193 daAuts
     D:5: 140 daAuts
